 Dungeon Crawl Stone Soup version 0.21.0-25-ge575cb9 (webtiles) character file.

34 Monsterracer the Slasher (level 3, -1/31 HPs)
             Began as a Minotaur Monk on Jan 24, 2018.
             Killed from afar by Sigmund (5 damage)
             ... with a magic dart
             ... on level 2 of the Dungeon.
             The game lasted 00:02:18 (2301 turns).

Monsterracer the Slasher (Minotaur Monk)            Turns: 2301, Time: 00:02:18

Health: -1/31      AC:  2    Str: 15    XL:     3   Next: 14%
Magic:  2/2        EV: 14    Int:  7    God:
Gold:   33         SH:  0    Dex: 13    Spells: 2/2 levels left

rFire    . . .     SeeInvis .   a - +0 falchion {!a}
rCold    . . .     Gourm    .   (no shield)
rNeg     . . .     Faith    .   b - +0 robe
rPois    .         Spirit   .   (helmet restricted)
rElec    .         Reflect  .   (no cloak)
rCorr    .         Harm     .   (no gloves)
MR       .....                  (no boots)
Stlth    +.........             (no amulet)
HPRegen  0.10/turn              (no ring)
MPRegen  0.08/turn              (no ring)

@: confused
A: retaliatory headbutt, horns 2
a: no special abilities


You were on level 2 of the Dungeon.
You were not hungry.

You visited 1 branch of the dungeon, and saw 2 of its levels.

You collected 33 gold pieces.

Inventory:

Hand Weapons
 a - a +0 falchion (weapon) {!a}
Armour
 b - a +0 robe (worn)
Scrolls
 d - a scroll of fog {unknown}
 f - 3 scrolls of identify {unknown}
 g - a scroll of immolation {unknown}
 h - a scroll of remove curse {unknown}
 j - a scroll of amnesia {unknown}
 m - a scroll of fear {unknown}
Potions
 e - 3 potions of might {unknown}
 i - 3 potions of lignification {unknown}
 k - a potion of agility {unknown}
 l - a potion of curing {unknown}
 o - a potion of berserk rage {unknown}
Comestibles
 c - 3 rations


   Skills:
 - Level 3.6 Fighting
 * Level 4.7 Long Blades
 + Level 3.8 Dodging
 - Level 1.5 Stealth


You had 2 spell levels left.
You didn't know any spells.

Dungeon Overview and Level Annotations

Branches:
Dungeon (2/15)

Altars:

Annotations:
D:2 Sigmund


Innate Abilities, Weirdness & Mutations

You reflexively headbutt those who attack you in melee.
You have a pair of horns on your head.


Message History

A giant cockroach is nearby!
You see here a ration.
c - 3 rations (gained 1)
The giant cockroach bites you.
The giant cockroach bites you but does no damage.
You take 2 damage, and have 24/26 hp.
The giant cockroach barely misses you. You furiously retaliate!
You headbutt the giant cockroach.
You kill the giant cockroach!
You have reached level 3!
Your experience leads to an increase in your attributes!
Increase (S)trength, (I)ntelligence, or (D)exterity?
You feel agile.
You regained 4 hp, and now have 28/31 hp.
MP restored: 2
i - 3 lumpy yellow potions (gained 1)
A quokka comes into view.
Found 11 gold pieces.
Health restored: 31 A quokka is nearby!
A quokka is nearby!
A rat comes into view.
The quokka completely misses you.
The quokka twitches its whiskers.
The quokka closely misses you.
You riposte.
You hit the quokka.
The quokka is almost dead.
The quokka barely misses you. The quokka closely misses you.
The quokka closely misses you. The quokka bites you. The rat barely misses you.
You take 1 damage, and have 30/31 hp.
The quokka completely misses you. You furiously retaliate!
You headbutt the quokka!
You kill the quokka!
The rat bites you.
You take 1 damage, and have 29/31 hp.
The rat bites you but does no damage. The rat closely misses you.
The rat closely misses you. The rat misses you. The rat bites you.
You take 1 damage, and have 28/31 hp.
A rat is nearby!
A rat is nearby!
The rat bites you but does no damage. The rat bites you but does no damage.
The rat barely misses you.
You riposte.
You hit the rat.
You kill the rat!
You now have 33 gold pieces (gained 11).
You see here 14 poisoned needles.
Found 8 sling bullets.
o - a fizzy golden potion Health restored: 31 A goblin comes into view.
The goblin shouts!
A goblin is nearby!
The goblin closely misses you. You furiously retaliate!
You headbutt the goblin.
You kill the goblin!
You see here a goblin corpse.
All of the chunks of flesh in your inventory have rotted away.
A giant cockroach comes into view.
A giant cockroach is nearby!
A giant cockroach is nearby!
Sigmund shouts!
The giant cockroach barely misses you. You furiously retaliate!
You headbutt the giant cockroach!
You kill the giant cockroach!
Sigmund flickers, as though insubstantial.
Unknown command.
Sigmund screams, "Only death can liberate you!"
Sigmund barely misses you.
Sigmund points at you and mumbles some strange words.
You are confused.
Sigmund barely misses you.
You bump into the rock wall.
Sigmund barely misses you.
You bump into the rock wall.
Sigmund casts a spell at you. The puff of flame hits you!
You take 10 damage, and have 21/31 hp.
MASSIVE DAMAGE!!
You bump into the rock wall.
Sigmund hits you from afar with a vampiric scythe!
* * * LOW HITPOINT WARNING * * *
You take 13 damage, and have 8/31 hp.
MASSIVE DAMAGE!!
You feel less confused. Sigmund barely misses you.
Sigmund gestures at you while chanting.
You are confused.
Sigmund gestures at you while chanting. The magic dart hits you!
* * * LOW HITPOINT WARNING * * *
You take 4 damage, and have 5/31 hp.
There is a stone staircase leading up here.
Sigmund mumbles some strange words.
Sigmund flickers and vanishes!
Deactivating autopickup; reactivate with Ctrl-A.
In your confused state, you trip and fall back down the stairs.
* * * LOW HITPOINT WARNING * * *
A magic dart appears from out of thin air!
The magic dart hits you!
You die...

#. .#####.#...# ##.
##.#...#.....#.# #..#
#.†.##.#.##.##†# ....#
###......##.#..#
.....######..........##
.........##.#..#..#.###
....>.......##.#......##
...........###).....#...
.......@...{....########
#............#### ##
##.........#(...# #.
#......†..####.### ##.
#.........# #...####..
#.........# ###.....(#
#.........# ########
#.........# #.........#


There were no monsters in sight!

Vanquished Creatures
  A leopard gecko (D:1)
  A ball python (D:2)
  6 bats (D:1)
  3 giant cockroaches
  4 goblins
  A hobgoblin (D:2)
  5 kobolds
  A quokka (D:2)
  4 frilled lizards (D:1)
  5 rats
31 creatures vanquished.

Notes
Turn   | Place    | Note
-------+----------+-------------------------------------------
     0 | D:1      | Monsterracer the Minotaur Monk began the quest for the Orb.
     0 | D:1      | Reached XP level 1. HP: 19/19 MP: 0/0
   123 | D:1      | Reached skill level 4 in Long Blades
   134 | D:1      | Reached XP level 2. HP: 13/26 MP: 1/1
  1284 | D:2      | Noticed Sigmund
  1292 | D:2      | HP: 13/26 [something (6)]
  1545 | D:2      | HP: 12/26 [kobold/hand axe (3)]
  1547 | D:2      | HP: 3/26 [kobold/hand axe (3)]
  2162 | D:2      | Reached XP level 3. HP: 28/31 MP: 2/2
  2289 | D:2      | HP: 8/31 [Sigmund/vampiric scythe (13)]
  2298 | D:2      | HP: 5/31 [Sigmund/magic dart (4)]
  2301 | D:2      | Killed from afar by Sigmund

Skill      XL: |  1 |
---------------+----+-----
Long Blades    | 4 |  4.7
Fighting       | |  3.6
Dodging        | |  3.8
Stealth        | |  1.5

Action                   || total
-------------------------++-------
Melee: Headbutt          ||     3
  Eat: Chunk             ||     4
Armor: Robe              ||    25
Dodge: Dodged            ||   105
       Rpst.: Falchion   ||    27

Vault maps used:
D:1:      grunt_arrival_lava_bath, minmay_misc_feat_tiny,
          hangedman_feature_mirror
D:2:      chequers_ecumenical_altar_twisty, first_ration, trog_hazing_becter,
          uniq_sigmund
